 Dungeon Crawl Stone Soup version 0.30-a0-341-g682706514a (webtiles) character file.

Game seed: 690903024087677784

183 bande the Covered (level 5, -8/33 HPs)
             Began as a Gargoyle Fighter on Nov 2, 2022.
             Was an Initiate of Okawaru.
             Killed by divine providence
             ... invoked by an orc priest
              (12 damage)
             ... on level 4 of the Dungeon.
             The game lasted 00:04:09 (2864 turns).

bande the Covered (Gargoyle Fighter)                Turns: 2864, Time: 00:04:10

Health: -8/33      AC: 13    Str: 20    XL:     5   Next: 62%
Magic:  6/6        EV:  6    Int:  8    God:    Okawaru [......]
Gold:   244        SH:  8    Dex: 11    Spells: 4/4 levels left

rFire   . . .      SeeInvis .    a - +1 war axe
rCold   . . .      Faith    .    v - +0 kite shield
rNeg    + . .      Spirit   .    m - +0 chain mail
rPois   ∞          Reflect  .    (no helmet)
rElec   +          Harm     .    (no cloak)
rCorr   .          Rampage  .    (no gloves)
Will    .....                    (no boots)
Stlth   ..........               (no amulet)
HPRegen 0.25/turn                (no ring)
MPRegen 0.10/turn                (no ring)

@: no status effects
A: sickness immunity, AC +4, negative energy resistance 1, electricity
resistance, torment resistance 1, petrification resistance
a: Renounce Religion


You were on level 4 of the Dungeon.
You worshipped Okawaru.
Okawaru was noncommittal.
You visited 1 branch of the dungeon, and saw 4 of its levels.

You collected 244 gold pieces.

Inventory:

Hand Weapons
 a - a +1 war axe (weapon)
 t - a +0 flail
Missiles
 s - a throwing net (quivered)
Armour
 m - a +0 chain mail (worn)
 v - a +0 kite shield (worn)
Wands
 u - a wand of polymorph (12)
Scrolls
 h - a scroll of poison
 q - a scroll of amnesia
Potions
 d - 2 potions of might
 e - 4 potions of haste
 f - a potion of cancellation {unknown}
 j - 3 potions of brilliance
 l - a potion of lignification {unknown}
 n - a potion of resistance {unknown}
 o - a potion of heal wounds {unknown}
 p - 3 potions of curing
 r - 2 potions of attraction {unknown}


   Skills:
 + Level 4.0 Fighting
 + Level 3.4 Axes
 + Level 4.2 Armour
 + Level 3.8 Shields
 * Level 1.6 Invocations
 * Level 0.2 Evocations


You had 4 spell levels left.
You didn't know any spells.
Your spell library contained the following spells:

 Spells                   Type           Power      Damage    Failure   Level
 Dispel Undead            Necr           0%         3d6       100%        4
 Cigotuvi's Dreadful Rot  Necr/Pois/Air  Unusable   N/A       N/A         2
 Death Channel            Necr           Unusable   N/A       N/A         6

Dungeon Overview and Level Annotations

Branches:
Dungeon (4/15)             Temple (0/1) D:4

Altars:
Fedhas
Nemelex Xobeh
Okawaru


Innate Abilities, Weirdness & Mutations

You are immune to sickness and miasma.
Your stone body is resilient. (AC +4)
You are immune to poison.
You resist negative energy. (rN+)
You are resistant to electric shocks. (rElec)
You are resistant to unholy torment.
You are immune to petrification.


Message History

The orc priest shouts!
A gnoll comes into view. It is wielding a +0 flail.
The gnoll shouts!
You hear a shout!
The gnoll moves out of view.
A gnoll comes into view. It is wielding a +0 halberd.
You barely miss the orc. The orc hits you but does no damage.
You closely miss the orc. The orc hits you but does no damage.
You hit the orc priest.
The orc priest is heavily wounded.
You hit the orc.
You kill the orc!
Okawaru accepts your kill. The orc priest barely misses you.
You block the orc priest's attack. x2
You hit the orc priest but do no damage.
The orc priest is heavily wounded.
You slash the dart slug! You closely miss the orc priest.
The orc priest calls down the wrath of Beogh upon you.
Beogh smites you!
The gnoll hits you from afar with a +0 halberd.
You block the orc priest's attack. The dart slug launches a dart at you.
You block the slug dart.
You closely miss the orc priest. You hit the orc priest. You hit the dart slug.
You kill the dart slug!
Okawaru accepts your kill.
The orc priest calls down the wrath of Beogh upon you.
Beogh smites you!
* * * LOW HITPOINT WARNING * * *
The orc priest begins to cast a cantrip, but forgets the words!
The gnoll barely misses you.
The orc priest hits you but does no damage.
The gnoll hits you from afar with a +0 halberd.
* * * LOW HITPOINT WARNING * * *
The orc priest hits you but does no damage.
You slash the orc priest!
The orc priest is severely wounded.
You hit the orc priest.
The orc priest invokes the aid of Beogh against you.
Beogh smites you!
You die...

##### #...
################.#######
........................
################.######
##### #@# ......
....ggoo># ######
.....##..# .... #..#
#### ... #..# .... ..
#... #####.## . .... #
.... ..... ###)#. #


You could see 2 orc priests and 2 gnolls.

Vanquished Creatures
  Jessica (D:3)
  6 gnolls
  An adder (D:3)
  3 worms
  4 dart slugs
  An orc (D:4)
  4 bats
  5 endoplasms
  3 giant cockroaches
  10 goblins
  5 hobgoblins
  3 jackals (D:3)
  2 quokkas
  5 ball pythons
  A frilled lizard (D:3)
  8 kobolds
  8 rats
70 creatures vanquished.

Notes
Turn   | Place    | Note
-------+----------+-------------------------------------------
     0 | D:1      | bande the Gargoyle Fighter began the quest for the Orb.
     0 | D:1      | Reached XP level 1. HP: 14/14 MP: 1/1
   105 | D:1      | Reached XP level 2. HP: 19/19 MP: 2/2
   343 | D:1      | Found a faded altar of an unknown god.
   441 | D:1      | Reached XP level 3. HP: 23/23 MP: 3/3
  1119 | D:2      | Found an iron altar of Okawaru.
  1126 | D:2      | Became a worshipper of Warmaster Okawaru
  1760 | D:3      | Reached XP level 4. HP: 29/29 MP: 4/4
  1791 | D:3      | Found a sparkling altar of Nemelex Xobeh.
  1815 | D:3      | Noticed Jessica
  1822 | D:3      | Killed Jessica
  1931 | D:3      | Reached skill level 1 in Invocations
  1932 | D:3      | Reached XP level 5. HP: 16/33 MP: 5/5
  2482 | D:3      | Found a blossoming altar of Fedhas.
  2801 | D:4      | Found a staircase to the Ecumenical Temple.
  2864 | D:4      | Killed from afar by an orc priest

Illustrated notes

Levels and vault maps discovered:
D:1:      wander_arrival_estate, layout_loops_ring,
          hellmonk_ecumenical_altar_blasted, minmay_vboxes
D:2:      layout_basic, basic_altar, kennysheep_generic_room_10
D:3:      layout_basic, nemelex_altar_shiori, nicolae_overflow_hidden_temple,
          minmay_pentomino_pile, uniq_jessica
D:4:      layout_basic, minmay_temple_entry_drinking_statues, bh_walls_and_bars

Skill      XL: |  1  2  3  4  5 |
---------------+----------------+-----
Axes           | 2 3 |  3.4
Armour         | 4 |  4.2
Invocations    | 1 |  1.6
Fighting       | 4 |  4.0
Shields        | |  3.8
Evocations     | |  0.2

Action                   |  1- 3 |  4- 6 || total
-------------------------+-------+-------++-------
Melee: War axe           |    95 |    78 ||   173
  Use: Scroll            |       |     8 ||     8
Armor: Scale mail        |    39 |       ||    39
       Chain mail        |    11 |    54 ||    65
Dodge: Dodged            |    37 |    34 ||    71
Block: Buckler           |    21 |    19 ||    40
       Kite shield       |       |    12 ||    12

Table legend: (Time is in decaauts)
 A = Elapsed time spent in this place.
 B = Non-inter-level travel time spent in this place.
 C = Inter-level travel time spent in this place.
 D = Time resting spent in this place.
 E = Time spent auto-exploring this place.
 F = Levels seen in this place.
 G = Mean time per level.
                   A        B        C        D        E       F      G
               +--------+--------+--------+--------+--------+-----+--------+
         Total |   2936 |   2780 |    156 |    180 |   2104 |   4 |  734.0 |
       Dungeon |   2936 |   2780 |    156 |    180 |   2104 |   4 |  734.0 |
               +--------+--------+--------+--------+--------+-----+--------+

Top non-repeatable levels by time:
     D:2: 1129 daAuts
     D:3: 1065 daAuts
     D:1: 652 daAuts
     D:4: 89 daAuts
